cohdb
Replays
Latest Replays
All Replays
Popular Replays
Top Player Replays
Match Explorer
How It Works
Community
CoH3 Stats
Reddit
Sign in to upload your games and track your stats! →
Sign in with Steam
Match 42157783
Unlisted
Match 42157783
Overview
Messages
Build Orders
End
Construct Section Command Post
Royal Engineer Section
Selects Indian Artillery Battlegroup
Selects Indian Artillery Battlegroup
Dingo Light Scout Car
Infantry Section
Infantry Section
Construct Field Infirmary
Construct Platoon Command Post
Selects War Cry
Selects Gurkha Rifles Section
Grenade Package
ML 3-inch Mortar Team
Gurkha Rifles Section
Royal Engineer Section
Construct Company Command Post
Selects Pillage
Crusader II Medium Tank
Royal Engineer Section
Crusader II Medium Tank
Selects Artillery Saturation
Selects Off-map Airburst Barrage
Off-map Airburst Barrage
Foot Guards Section
incel_incinerat0r
GodFearer777xboxlive
Kannamix
renardix.vulprix
0
0
Comments
sign in to comment!
No comments posted yet!